 Dungeon Crawl Stone Soup version 0.20.1-1-g8b1a95d66d (webtiles) character file.

0 Gargoyl the Skirmisher (level 1, -8/19 HPs)
             Began as a Centaur Abyssal Knight on Dec 2, 2017.
             Was a Follower of Lugonu.
             Mangled by a starcursed mass (11 damage)
             ... on level 5 of the Abyss.
             The game lasted 00:01:20 (230 turns).

Gargoyl the Skirmisher (Centaur Abyssal Knight)      Turns: 230, Time: 00:01:21

Health: -8/19      AC:  4    Str: 11    XL:     1   Next: 0%
Magic:  2/2        EV:  9    Int: 11    God:    Lugonu [*.....]
Gold:   0          SH:  0    Dex:  8    Spells: 0/0 levels left

rFire    . . .     SeeInvis .   a - +1 hand axe
rCold    . . .     Gourm    .   (no shield)
rNeg     . . .     Faith    .   b - +0 leather armour
rPois    .         Spirit   .   (no helmet)
rElec    .         Reflect  .   (no cloak)
rCorr    .         Harm     .   (no gloves)
MR       .....     Rnd*Tele +   (no barding)
Stlth    ..........             (no amulet)
Regen    0.1/turn               e - -3 ring of strength (curse)
MPRegen  0.1/turn               g - ring of teleportation (curse)

@: very quick
A: hooves 3, deformed body, speed 2, tough skin 3
a: Depart the Abyss, Renounce Religion


You were on level 5 of the Abyss.
You worshipped Lugonu.
Lugonu was aware of your devotion.
You were not hungry.

You visited 0 branches of the dungeon, and saw 0 of its levels.
You visited the Abyss 1 time.

Inventory:

Hand Weapons
 a - a +1 hand axe (weapon)
Armour
 b - a +0 leather armour (worn)
Jewellery
 e - a cursed -3 ring of strength (left hand)
 g - a cursed ring of teleportation (right hand)
Scrolls
 f - a scroll of identify
Potions
 d - a potion of haste
Comestibles
 c - a bread ration


   Skills:
 + Level 3.0 Fighting
 + Level 1.7 Axes
 + Level 1.3 Armour
 + Level 0.6 Dodging
 + Level 2.0 Invocations


You couldn't memorise any spells.
You didn't know any spells.

Dungeon Overview and Level Annotations

Branches:
Dungeon (0/15)

Altars:


Innate Abilities, Weirdness & Mutations

You have hooves in place of feet.
Armour fits poorly on your strangely shaped body.
You cover ground very quickly.
You have extremely tough skin. (AC +3)


Message History

The starspawn tentacle grabs you. The starspawn tentacle constricts you.
You escape the starspawn tentacle's grasp.
The starspawn tentacle completely misses you.
A tentacle flies out from the starspawn's body!
A starspawn tentacle comes into view.
A starcursed mass comes into view.
A starcursed mass splits.
A redback and a large abomination come into view.
A starcursed mass splits.
You hit the starcursed mass but do no damage.
You kick the starcursed mass, but do no damage.
You hit the starcursed mass.
The starcursed mass shudders and is absorbed by its neighbour.
The large abomination barely misses you.
The starcursed mass engulfs you!
Ouch! That really hurt!
* * * LOW HITPOINT WARNING * * *
The starcursed mass engulfs you!
Ouch! That really hurt!
You die...

# ..##.. ... . #. #.#.
#.# . ≈. #....## #. # #.
§.≈ ## #..#.#### . ### #
≈.§.#.###....#.#####.###
§≈≈.≈.......#.##..l l#..
§≈#.≈...........##│.#...
§..≈≈.#X#..#..X.##│ Λ...
###≈.##@#.##.##.###\│X..
.......XX.### #wX......
##...###......#### ... .
##. .#..#.## #.....# ..
.#..#.#.. # ... # .#
###.. ..#.# #.# # ....
.. .# . . .. # .#


You could see 2 starcursed masses and a large abomination.

Vanquished Creatures (others)
  4 starspawn tentacles (Abyss:5)
4 creatures vanquished.

Notes
Turn   | Place    | Note
-------+----------+-------------------------------------------
     0 | Abyss:1  | Gargoyl the Centaur Abyssal Knight began the quest for the Orb.
     0 | Abyss:1  | Reached XP level 1. HP: 19/19 MP: 2/2
    57 | Abyss:2  | Noticed an ice dragon skeleton
    87 | Abyss:3  | Found a corrupted altar of Lugonu.
    89 | Abyss:3  | Noticed a thorn hunter
   136 | Abyss:3  | Noticed a hell hound
   139 | Abyss:3  | Noticed a hell hound
   141 | Abyss:3  | Noticed a hell hound
   142 | Abyss:4  | Noticed a long sword of holy wrath
   175 | Abyss:4  | Noticed an ancient zyme
   178 | Abyss:5  | Entered Level 5 of the Abyss
   185 | Abyss:5  | Noticed a large abomination
   193 | Abyss:5  | Noticed a komodo dragon
   193 | Abyss:5  | a shapeshifter changed into a komodo dragon
   194 | Abyss:5  | Noticed a quicksilver dragon simulacrum
   208 | Abyss:5  | Noticed a tentacled starspawn
   225 | Abyss:5  | Noticed a starcursed mass
   228 | Abyss:5  | Noticed a redback
   228 | Abyss:5  | Noticed a large abomination
   230 | Abyss:5  | Mangled by a starcursed mass

Action                   || total
-------------------------++-------
Melee: Hand axe          ||     1
       Kick              ||     1
  Use: Scroll            ||     1
Dodge: Dodged            ||     4
